Kraken vs Wild

Created - 14 mars 2024 at 06:58

Goals
1 2 3 OT1 T
Kraken 1 0 0 1 2
Wild 0 1 0 0 1
Shots
1 2 3 OT1 T
Kraken 20 6 9 2 37
Wild 11 12 4 2 29

GoalsPenalties
1st period
1. Kraken , Jesperi Kotkaniemi 14 (Kris Letang 27, Jan Rutta 6) at 13:15
No Penalty
2nd period
2. Wild , Kirill Marchenko 11 (Yakov Trenin 8, Chris Tierney 12) at 5:48
Brandon Montour (SEA) for Cross-checking (Minor) at 0:14
Brayden McNabb (MIW) for Roughing (Minor) at 7:43
Tanner Pearson (SEA) for Unsportsmanlike conduct (Minor) at 16:14
3rd period
No Goal
Jan Rutta (SEA) for High sticking (Minor) at 1:33
Jordan Kyrou (SEA) for Roughing (Double Minor) at 3:39
Kevin Shattenkirk (MIW) for Holding (Minor) at 7:54
Brad Marchand (MIW) for Unsportsmanlike conduct (Minor) at 14:33
Overtime #1
3. Kraken , Luke Evangelista 11 (Cole Caufield 18) at 4:01
No Penalty
Goalie Stats
Igor Shesterkin (SEA), 28 saves from 29 shots - (0,966), W, 26-15-3, 64:01 minutes
Jake Oettinger (MIW), 35 saves from 37 shots - (0,946), OTL, 32-11-5, 64:01 minutes
3 StarsOfficial
1 - Igor Shesterkin (SEA)
2 - Jake Oettinger (MIW)
3 - Luke Evangelista (SEA)
Referees : Jon McIsaac and Furman South
Linesman : Kyle Flemington and Scott Driscoll
Game Note
No Game Note
Finance
Level 1 -- Attendance: 5849 (97,48%) -- Ticket Income $584,900
Level 2 -- Attendance: 5000 (100,00%) -- Ticket Income $300,000
Level 3 -- Attendance: 2000 (100,00%) -- Ticket Income $70,000
Level 4 -- Attendance: 4000 (100,00%) -- Ticket Income $80,000
Luxury Box -- Attendance: 1000 (100,00%) -- Ticket Income $200,000
Game was played at the Xcel Enery Center.
Total Attendance: 17849 (99,16%)
Total Ticket Income: $1,234,900
Other Income: $605,101
Total Income: $1,840,001



Team Name Goals Shots Shots Attemp Shots Blocked PIM HIT PP PK FO%
Kraken 23771810210 / 3 (0%)039%
Wild 1295166230 / 5 (0%)061%

Kraken
Player Name POS G A P +/- PIM HIT SHT SB MP PP MP PP SHT PK MP PK SHT FO% FOT GA TA
Brandon MontourD0000220323:363:3401:3800% 001
Calle RosenD0000000018:292:2303:0200% 000
Cole CaufieldLW/RW0111010116:333:1300:000100% 111
Conor ShearyC/LW/RW0000030015:500:0004:40050% 201
Danton HeinenC/LW/RW0001000010:380:0002:4400% 000
Erik HaulaC/LW0000023119:312:4414:57027% 1501
Jack HughesC/LW0000014119:543:1312:15053% 1500
Jan RuttaD0111210016:510:0003:5400% 000
Jesperi KotkaniemiC/LW1011009013:200:0003:22150% 400
Jonathan MarchessaultC/LW/RW000-1021015:572:4400:0000% 100
Jordan KyrouC/RW000-1404015:332:4400:00036% 1110
Kirill KaprizovLW/RW0000015116:593:1300:1200% 011
Kris LetangD0111011026:493:3405:2600% 020
Luke EvangelistaRW1011015011:370:0000:0000% 000
Marcus PetterssonD000-1011024:332:2305:5200% 000
Matias MaccelliC/LW/RW000-1001011:330:0000:0000% 101
Nick BlankenburgD0000021113:430:0000:0000% 001
Tanner PearsonLW/RW0001232010:370:0001:4200% 100
Wild
Player Name POS G A P +/- PIM HIT SHT SB MP PP MP PP SHT PK MP PK SHT FO% FOT GA TA
Adrian KempeLW/RW0000023018:513:4001:0300% 000
Alex DeBrincatLW/RW000-2023015:154:2500:0000% 000
Brad MarchandLW/RW0000242020:104:3800:36050% 210
Brandon CarloD0001001016:210:3102:3300% 000
Brayden McNabbD000-1240123:033:4001:2600% 002
Chris TierneyC0111002010:240:1301:39083% 601
Devon ToewsD0000042027:145:4503:2400% 000
Elias LindholmC/RW000-1021019:045:1300:210100% 800
Jack EichelC/RW000-1002014:164:2510:00036% 1100
Joe PavelskiC/LW/RW000000000:480:4800:0000% 000
Kevin ShattenkirkD000-1210013:250:0000:0000% 001
Kevin StenlundC/RW000-1000013:250:3303:1800% 000
Kirill MarchenkoRW101100318:090:0000:0000% 011
Mario FerraroD0001010018:581:0304:1500% 000
Mark GiordanoD000-1000215:030:0000:1600% 000
Patrice BergeronC0000011019:354:4300:00047% 1700
Ryan Nugent-HopkinsC/LW0000015122:494:4603:18067% 630
William NylanderC/LW/RW0000000117:484:2700:000100% 120
Yakov TreninC/LW0111014011:250:5001:3900% 000

Kraken

5 vs 5 Forward
Line #Left WingCenterRight WingPHYDFOFWanted %Time %Time Play
1Kirill KaprizovJack HughesCole Caufield0143232%13:57
2Jonathan MarchessaultJordan KyrouMatias Maccelli0142926%11:33
3Luke EvangelistaErik HaulaConor Sheary0142924%10:43
4Danton HeinenJesperi KotkaniemiTanner Pearson0231018%7:54
5 vs 5 Defense
Line #DefenseDefensePHYDFOFWanted %Time %Time Play
1Kris LetangJan Rutta0233534%14:53
2Marcus PetterssonBrandon Montour0233533%14:33
3Nick BlankenburgCalle Rosen1222728%12:09
4Kris LetangBrandon Montour12236%2:32
Power Play Forward
Line #Left WingCenterRight WingPHYDFOFWanted %Time %Time Play
1Kirill KaprizovJack HughesCole Caufield0055354%3:13
2Erik HaulaJonathan MarchessaultJordan Kyrou0054746%2:44
Power Play Defense
Line #DefenseDefensePHYDFOFWanted %Time %Time Play
1Kris LetangBrandon Montour0235360%3:34
2Marcus PetterssonCalle Rosen0234740%2:23
Penalty Kill 4 Players Forward
Line #CenterWingPHYDFOFWanted %Time %Time Play
1Erik HaulaConor Sheary1226072%7:12
2Jesperi KotkaniemiDanton Heinen1224028%2:44
Penalty Kill 4 Players Defense
Line #DefenseDefensePHYDFOFWanted %Time %Time Play
1Kris LetangMarcus Pettersson1226051%5:02
2Marcus PetterssonJan Rutta1224049%4:54
Penalty Kill 3 Players
Line #WingPHYDFOFWanted %Time %Time PlayDefenseDefensePHYDFOFWanted %Time %Time Play
1Erik Haula122600%0:00 Marcus PetterssonJan Rutta122600%0:00
2Jesperi Kotkaniemi122400%0:00 Kris LetangNick Blankenburg122400%0:00
4 vs 4 Forward
Line #CenterWingPHYDFOFWanted %Time %Time Play
1Jack HughesKirill Kaprizov014500%0:00
2Jordan KyrouJonathan Marchessault014500%0:00
4 vs 4 Defense
Line #DefensePHYDFOFWanted %Time %Time Play
1Kris LetangBrandon Montour023500%0:00
2Marcus PetterssonJan Rutta023500%0:00
Last Minutes Offensive
Left WingCenterRight WingDefenseDefense
Kirill KaprizovJack HughesJordan KyrouKris LetangBrandon Montour
Last Minutes Defensive
Left WingCenterRight WingDefenseDefense
Kirill KaprizovJack HughesJordan KyrouKris LetangBrandon Montour
Time
Total ForwardTotal DefenseLast Minutes OffensiveLast Minutes Defensive
60:00 60:00 0:000:00
Extra Forwards
Normal PowerPlayPenalty Kill
Conor Sheary, Jesperi Kotkaniemi, Jonathan MarchessaultConor Sheary, Jesperi KotkaniemiTanner Pearson
Extra Defensemen
Normal PowerPlayPenalty Kill
Nick Blankenburg, Brandon Montour, Marcus PetterssonNick Blankenburg, Jan RuttaMarcus Pettersson
Penalty Shots
Kirill Kaprizov, Jack Hughes, Jordan Kyrou, Jonathan Marchessault, Erik Haula
Goalie
Igor Shesterkin, Laurent Brossoit
Custom OT Lines Forwards
Kirill Kaprizov, Jack Hughes, Jordan Kyrou, Jonathan Marchessault, Erik Haula, Cole Caufield, Luke Evangelista, Jesperi Kotkaniemi, Conor Sheary, Tanner Pearson
Custom OT Lines Defensemen
Kris Letang, Brandon Montour, Marcus Pettersson, Jan Rutta, Nick Blankenburg
Scratches
Lias Andersson (Healthy), Peyton Krebs (Healthy), Jon Merrill (Healthy)

Wild

5 vs 5 Forward
Line #Left WingCenterRight WingPHYDFOFWanted %Time %Time Play
1Ryan Nugent-HopkinsPatrice BergeronBrad Marchand0233532%14:09
2William NylanderElias LindholmAdrian Kempe0142728%12:22
3Alex DeBrincatJack EichelKevin Stenlund0232521%9:27
4Yakov TreninChris TierneyKirill Marchenko1311318%8:09
5 vs 5 Defense
Line #DefenseDefensePHYDFOFWanted %Time %Time Play
1Devon ToewsBrayden McNabb0234037%16:15
2Brandon CarloMario Ferraro0233032%14:16
3Kevin ShattenkirkMark Giordano1222530%13:21
4Devon ToewsBrayden McNabb02351%0:15
Power Play Forward
Line #Left WingCenterRight WingPHYDFOFWanted %Time %Time Play
1William NylanderPatrice BergeronRyan Nugent-Hopkins0056056%5:31
2Brad MarchandJack EichelAlex DeBrincat0054044%4:25
Power Play Defense
Line #DefenseDefensePHYDFOFWanted %Time %Time Play
1Devon ToewsElias Lindholm0146063%6:16
2Brayden McNabbAdrian Kempe0144037%3:40
Penalty Kill 4 Players Forward
Line #CenterWingPHYDFOFWanted %Time %Time Play
1Ryan Nugent-HopkinsKevin Stenlund0506072%4:18
2Chris TierneyYakov Trenin0504028%1:39
Penalty Kill 4 Players Defense
Line #DefenseDefensePHYDFOFWanted %Time %Time Play
1Mario FerraroDevon Toews1406057%3:24
2Brayden McNabbBrandon Carlo0504043%2:33
Penalty Kill 3 Players
Line #WingPHYDFOFWanted %Time %Time PlayDefenseDefensePHYDFOFWanted %Time %Time Play
1Kevin Stenlund140600%0:00 Mario FerraroDevon Toews050600%0:00
2Yakov Trenin140400%0:00 Brayden McNabbKevin Shattenkirk050400%0:00
4 vs 4 Forward
Line #CenterWingPHYDFOFWanted %Time %Time Play
1Ryan Nugent-HopkinsWilliam Nylander122600%0:00
2Patrice BergeronBrad Marchand122400%0:00
4 vs 4 Defense
Line #DefensePHYDFOFWanted %Time %Time Play
1Devon ToewsBrandon Carlo122600%0:00
2Brayden McNabbMario Ferraro122400%0:00
Last Minutes Offensive
Left WingCenterRight WingDefenseDefense
William NylanderPatrice BergeronBrad MarchandDevon ToewsMario Ferraro
Last Minutes Defensive
Left WingCenterRight WingDefenseDefense
Ryan Nugent-HopkinsPatrice BergeronKevin StenlundBrandon CarloBrayden McNabb
Time
Total ForwardTotal DefenseLast Minutes OffensiveLast Minutes Defensive
60:00 60:00 0:000:00
Extra Forwards
Normal PowerPlayPenalty Kill
Adrian Kempe, Elias Lindholm, Alex DeBrincatAdrian Kempe, Elias LindholmAdrian Kempe
Extra Defensemen
Normal PowerPlayPenalty Kill
Mario Ferraro, Brayden McNabb, Devon ToewsMario Ferraro, Mario FerraroBrayden McNabb
Penalty Shots
Ryan Nugent-Hopkins, Patrice Bergeron, William Nylander, Brad Marchand, Adrian Kempe
Goalie
Jake Oettinger, James Reimer
Custom OT Lines Forwards
Ryan Nugent-Hopkins, Patrice Bergeron, William Nylander, Brad Marchand, Adrian Kempe, Elias Lindholm, Alex DeBrincat, Jack Eichel, Kirill Marchenko, Yakov Trenin
Custom OT Lines Defensemen
Devon Toews, Mark Giordano, Brayden McNabb, Mario Ferraro, Brandon Carlo
Scratches
None


Play-by-Play

1st period


0:01 of 1st period - Jack Hughes wins face-off versus Patrice Bergeron in neutral zone.
0:14 of 1st period - Snap shot by Jack Hughes.
0:14 of 1st period - Shot Misses the Net.
0:16 of 1st period - Snap shot by Kirill Kaprizov.
0:16 of 1st period - Stopped by Jake Oettinger without a rebound.
0:17 of 1st period - Elias Lindholm wins face-off versus Jordan Kyrou in Wild zone.
0:17 of 1st period - Elias Lindholm is hit by Jonathan Marchessault.
0:25 of 1st period - Slapshot by Jordan Kyrou.
0:25 of 1st period - Stopped by Jake Oettinger with a rebound.
0:27 of 1st period - Wrist shot by Marcus Pettersson.
0:27 of 1st period - Stopped by Jake Oettinger with a rebound.
0:31 of 1st period - Snap shot by Jordan Kyrou.
0:31 of 1st period - Stopped by Jake Oettinger with a rebound.
0:33 of 1st period - Slapshot by Marcus Pettersson.
0:33 of 1st period - Shot Misses the Net.
0:43 of 1st period - Mario Ferraro is hit by Tanner Pearson and loses puck.
0:48 of 1st period - Snap shot by Jesperi Kotkaniemi.
0:48 of 1st period - Stopped by Jake Oettinger without a rebound.
0:49 of 1st period - Jesperi Kotkaniemi wins face-off versus Jack Eichel in Wild zone.
1:10 of 1st period - Slapshot by Jesperi Kotkaniemi.
1:10 of 1st period - Shot Misses the Net.
1:12 of 1st period - Snap shot by Danton Heinen.
1:12 of 1st period - Shot Misses the Net.
1:16 of 1st period - Wrist shot by Jesperi Kotkaniemi.
1:16 of 1st period - Shot Blocked by Mark Giordano.
1:18 of 1st period - Snap shot by Danton Heinen.
1:18 of 1st period - Shot Misses the Net.
1:20 of 1st period - Slapshot by Nick Blankenburg.
1:20 of 1st period - Shot Blocked by Mark Giordano.
1:58 of 1st period - Snap shot by Jesperi Kotkaniemi.
1:58 of 1st period - Shot Misses the Net.
2:00 of 1st period - Wrist shot by Jesperi Kotkaniemi.
2:00 of 1st period - Stopped by Jake Oettinger with a rebound.
2:02 of 1st period - Slapshot by Jesperi Kotkaniemi.
2:02 of 1st period - Stopped by Jake Oettinger with a rebound.
2:04 of 1st period - Slapshot by Nick Blankenburg.
2:04 of 1st period - Stopped by Jake Oettinger without a rebound.
2:05 of 1st period - Erik Haula wins face-off versus Patrice Bergeron in Wild zone.
2:16 of 1st period - Snap shot by Luke Evangelista.
2:16 of 1st period - Shot Misses the Net.
2:38 of 1st period - Snap shot by Kirill Marchenko.
2:38 of 1st period - Stopped by Igor Shesterkin with a rebound.
3:17 of 1st period - Marcus Pettersson is hit by Brayden McNabb and loses puck.
3:32 of 1st period - Kirill Kaprizov is hit by Brayden McNabb.
4:00 of 1st period - Mario Ferraro is hit by Conor Sheary and loses puck.
4:35 of 1st period - Mark Giordano is hit by Erik Haula and loses puck.
4:46 of 1st period - Tanner Pearson is hit by Patrice Bergeron and loses puck.
5:11 of 1st period - Kris Letang is hit by Brayden McNabb and loses puck.
5:29 of 1st period - Mark Giordano is hit by Conor Sheary and loses puck.
6:06 of 1st period - Wrist shot by Jack Hughes.
6:06 of 1st period - Stopped by Jake Oettinger without a rebound.
6:07 of 1st period - Brad Marchand wins face-off versus Conor Sheary in Wild zone.
7:37 of 1st period - Mario Ferraro is hit by Nick Blankenburg and loses puck.
7:44 of 1st period - Wrist shot by Luke Evangelista.
7:44 of 1st period - Stopped by Jake Oettinger without a rebound.
7:45 of 1st period - Patrice Bergeron wins face-off versus Jordan Kyrou in Wild zone.
8:20 of 1st period - Snap shot by Luke Evangelista.
8:20 of 1st period - Stopped by Jake Oettinger without a rebound.
8:21 of 1st period - Jack Hughes wins face-off versus Patrice Bergeron in Wild zone.
8:22 of 1st period - Snap shot by Kirill Kaprizov.
8:22 of 1st period - Stopped by Jake Oettinger without a rebound.
8:23 of 1st period - Jack Hughes wins face-off versus Patrice Bergeron in Wild zone.
8:28 of 1st period - Wrist shot by Kirill Kaprizov.
8:28 of 1st period - Shot Misses the Net.
9:16 of 1st period - Wrist shot by Matias Maccelli.
9:16 of 1st period - Shot Misses the Net.
9:18 of 1st period - Wrist shot by Jonathan Marchessault.
9:18 of 1st period - Stopped by Jake Oettinger without a rebound.
9:19 of 1st period - Jack Hughes wins face-off versus Patrice Bergeron in Wild zone.
9:30 of 1st period - Wrist shot by Ryan Nugent-Hopkins.
9:30 of 1st period - Shot Blocked by Cole Caufield.
9:32 of 1st period - Snap shot by Ryan Nugent-Hopkins.
9:32 of 1st period - Stopped by Igor Shesterkin without a rebound.
9:33 of 1st period - Patrice Bergeron wins face-off versus Jordan Kyrou in Kraken zone.
9:40 of 1st period - Snap shot by Ryan Nugent-Hopkins.
9:40 of 1st period - Stopped by Igor Shesterkin with a rebound.
10:00 of 1st period - Kris Letang is hit by Devon Toews and loses puck.
11:23 of 1st period - Snap shot by Adrian Kempe.
11:23 of 1st period - Stopped by Igor Shesterkin with a rebound.
11:33 of 1st period - Slapshot by Jesperi Kotkaniemi.
11:33 of 1st period - Stopped by Jake Oettinger without a rebound.
11:34 of 1st period - Jack Hughes wins face-off versus Jack Eichel in Wild zone.
11:35 of 1st period - Snap shot by Kirill Kaprizov.
11:35 of 1st period - Stopped by Jake Oettinger without a rebound.
11:36 of 1st period - Jack Eichel wins face-off versus Jack Hughes in Wild zone.
11:45 of 1st period - Wrist shot by Jack Eichel.
11:45 of 1st period - Shot Blocked by Jack Hughes.
12:01 of 1st period - Ryan Nugent-Hopkins is hit by Jonathan Marchessault and loses puck.
12:34 of 1st period - Adrian Kempe is hit by Jan Rutta and loses puck.
13:15 of 1st period - Wrist shot by Jesperi Kotkaniemi.
13:15 of 1st period - Goal by Jesperi Kotkaniemi - Kraken : 1 - Wild : 0.
13:16 of 1st period - Jordan Kyrou wins face-off versus Brad Marchand in neutral zone.
13:23 of 1st period - Snap shot by Jordan Kyrou.
13:23 of 1st period - Shot Misses the Net.
14:08 of 1st period - Wrist shot by Elias Lindholm.
14:08 of 1st period - Stopped by Igor Shesterkin with a rebound.
14:10 of 1st period - Snap shot by Elias Lindholm.
14:10 of 1st period - Shot Misses the Net.
14:12 of 1st period - Snap shot by William Nylander.
14:12 of 1st period - Shot Misses the Net.
14:35 of 1st period - Wrist shot by Luke Evangelista.
14:35 of 1st period - Stopped by Jake Oettinger without a rebound.
14:36 of 1st period - Patrice Bergeron wins face-off versus Erik Haula in Wild zone.
15:47 of 1st period - Wrist shot by Kirill Marchenko.
15:47 of 1st period - Deflect By Chris Tierney.
15:47 of 1st period - Stopped by Igor Shesterkin with a rebound.
15:49 of 1st period - Slapshot by Brandon Carlo.
15:49 of 1st period - Shot Misses the Net.
15:55 of 1st period - Snap shot by Yakov Trenin.
15:55 of 1st period - Shot Misses the Net.
15:57 of 1st period - Slapshot by Kirill Marchenko.
15:57 of 1st period - Shot Misses the Net.
16:17 of 1st period - Wrist shot by Ryan Nugent-Hopkins.
16:17 of 1st period - Stopped by Igor Shesterkin without a rebound.
16:18 of 1st period - William Nylander wins face-off versus Jack Hughes in Kraken zone.
16:23 of 1st period - Snap shot by Adrian Kempe.
16:23 of 1st period - Shot Misses the Net.
16:25 of 1st period - Wrist shot by Adrian Kempe.
16:25 of 1st period - Shot Misses the Net.
16:27 of 1st period - Wrist shot by William Nylander.
16:27 of 1st period - Shot Blocked by Brandon Montour.
16:29 of 1st period - Slapshot by Devon Toews.
16:29 of 1st period - Shot Misses the Net.
16:31 of 1st period - Slapshot by Devon Toews.
16:31 of 1st period - Deflect By Brandon Montour.
16:31 of 1st period - Stopped by Igor Shesterkin with a rebound.
16:33 of 1st period - Snap shot by Brayden McNabb.
16:33 of 1st period - Shot Misses the Net.
17:16 of 1st period - Snap shot by Luke Evangelista.
17:16 of 1st period - Shot Blocked by Brayden McNabb.
17:30 of 1st period - Snap shot by Kirill Marchenko.
17:30 of 1st period - Deflect By Yakov Trenin.
17:30 of 1st period - Stopped by Igor Shesterkin without a rebound.
17:31 of 1st period - Chris Tierney wins face-off versus Jesperi Kotkaniemi in Kraken zone.
17:36 of 1st period - Snap shot by Yakov Trenin.
17:36 of 1st period - Stopped by Igor Shesterkin with a rebound.
17:58 of 1st period - Slapshot by Jack Hughes.
17:58 of 1st period - Stopped by Jake Oettinger without a rebound.
17:59 of 1st period - Patrice Bergeron wins face-off versus Jack Hughes in Wild zone.
18:35 of 1st period - Ryan Nugent-Hopkins is hit by Kirill Kaprizov and loses puck.
18:48 of 1st period - Snap shot by Kirill Kaprizov.
18:48 of 1st period - Deflect By Patrice Bergeron.
18:48 of 1st period - Stopped by Jake Oettinger with a rebound.
18:54 of 1st period - Snap shot by Kirill Kaprizov.
18:54 of 1st period - Stopped by Jake Oettinger with a rebound.
19:41 of 1st period - Snap shot by Ryan Nugent-Hopkins.
19:41 of 1st period - Stopped by Igor Shesterkin without a rebound.
19:42 of 1st period - Elias Lindholm wins face-off versus Jordan Kyrou in Kraken zone.
Goals for this period are 1 for Kraken vs 0 for Wild.
Shots for this period are 20 for Kraken vs 11 for Wild.

2nd period


0:01 of 2nd period - Conor Sheary wins face-off versus Jack Eichel in neutral zone.
0:14 of 2nd period - Minor Penalty to Brandon Montour for Cross-checking.
0:15 of 2nd period - Patrice Bergeron wins face-off versus Erik Haula in Kraken zone.
0:42 of 2nd period - Jack Eichel is hit by Erik Haula and loses puck.
0:49 of 2nd period - Marcus Pettersson is hit by Alex DeBrincat and loses puck.
1:14 of 2nd period - Slapshot by Kris Letang.
1:14 of 2nd period - Shot Misses the Net.
2:14 of 2nd period - Penalty to Brandon Montour is over, Brandon Montour is back on ice.
2:22 of 2nd period - Snap shot by Jordan Kyrou.
2:22 of 2nd period - Stopped by Jake Oettinger with a rebound.
2:24 of 2nd period - Wrist shot by Jordan Kyrou.
2:24 of 2nd period - Shot Misses the Net.
2:26 of 2nd period - Snap shot by Jonathan Marchessault.
2:26 of 2nd period - Shot Blocked by Kirill Marchenko.
2:28 of 2nd period - Snap shot by Jordan Kyrou.
2:28 of 2nd period - Shot Misses the Net.
2:30 of 2nd period - Slapshot by Calle Rosen.
2:30 of 2nd period - Shot Misses the Net.
2:46 of 2nd period - Slapshot by Adrian Kempe.
2:46 of 2nd period - Deflect By Brandon Montour.
2:46 of 2nd period - Stopped by Igor Shesterkin with a rebound.
3:06 of 2nd period - Slapshot by Adrian Kempe.
3:06 of 2nd period - Shot Blocked by Brandon Montour.
3:26 of 2nd period - Wrist shot by Jonathan Marchessault.
3:26 of 2nd period - Shot Misses the Net.
3:50 of 2nd period - Brandon Carlo is hit by Kris Letang and loses puck.
4:17 of 2nd period - Wrist shot by Erik Haula.
4:17 of 2nd period - Deflect By Luke Evangelista.
4:17 of 2nd period - Stopped by Jake Oettinger without a rebound.
4:18 of 2nd period - Jordan Kyrou wins face-off versus Jack Eichel in Wild zone.
5:27 of 2nd period - Icing by Brandon Carlo.
5:28 of 2nd period - Chris Tierney wins face-off versus Matias Maccelli in Wild zone.
5:28 of 2nd period - Chris Tierney is hit by Marcus Pettersson.
5:46 of 2nd period - Wrist shot by Yakov Trenin.
5:46 of 2nd period - Stopped by Igor Shesterkin with a rebound.
5:48 of 2nd period - Snap shot by Kirill Marchenko.
5:48 of 2nd period - Goal by Kirill Marchenko - Kraken : 1 - Wild : 1.
5:49 of 2nd period - Elias Lindholm wins face-off versus Erik Haula in neutral zone.
6:20 of 2nd period - Snap shot by Alex DeBrincat.
6:20 of 2nd period - Shot Blocked by Brandon Montour.
6:26 of 2nd period - Wrist shot by Alex DeBrincat.
6:26 of 2nd period - Stopped by Igor Shesterkin without a rebound.
6:27 of 2nd period - Jordan Kyrou wins face-off versus Patrice Bergeron in Kraken zone.
7:04 of 2nd period - Icing by Nick Blankenburg.
7:05 of 2nd period - Jack Eichel wins face-off versus Erik Haula in Kraken zone.
7:06 of 2nd period - Backhand shot by Alex DeBrincat.
7:06 of 2nd period - Stopped by Igor Shesterkin without a rebound.
7:07 of 2nd period - Erik Haula wins face-off versus Jack Eichel in Kraken zone.
7:21 of 2nd period - Snap shot by Jack Eichel.
7:21 of 2nd period - Stopped by Igor Shesterkin without a rebound.
7:22 of 2nd period - Elias Lindholm wins face-off versus Jordan Kyrou in Kraken zone.
7:23 of 2nd period - Slapshot by Adrian Kempe.
7:23 of 2nd period - Deflect By Jonathan Marchessault.
7:23 of 2nd period - Stopped by Igor Shesterkin with a rebound.
7:43 of 2nd period - Minor Penalty to Brayden McNabb for Roughing.
7:44 of 2nd period - Cole Caufield wins face-off versus Ryan Nugent-Hopkins in Wild zone.
8:13 of 2nd period - Wrist shot by Jordan Kyrou.
8:13 of 2nd period - Shot Misses the Net.
8:15 of 2nd period - Snap shot by Erik Haula.
8:15 of 2nd period - Shot Misses the Net.
8:17 of 2nd period - Slapshot by Marcus Pettersson.
8:17 of 2nd period - Shot Misses the Net.
8:19 of 2nd period - Wrist shot by Erik Haula.
8:19 of 2nd period - Stopped by Jake Oettinger without a rebound.
8:20 of 2nd period - Jack Hughes wins face-off versus Ryan Nugent-Hopkins in Wild zone.
8:37 of 2nd period - Jack Hughes is hit by Mario Ferraro and loses puck.
9:43 of 2nd period - Penalty to Brayden McNabb is over, Brayden McNabb is back on ice.
9:53 of 2nd period - Yakov Trenin is hit by Tanner Pearson and loses puck.
9:58 of 2nd period - Wrist shot by Jesperi Kotkaniemi.
9:58 of 2nd period - Stopped by Jake Oettinger without a rebound.
9:59 of 2nd period - Elias Lindholm wins face-off versus Tanner Pearson in Wild zone.
10:26 of 2nd period - Nick Blankenburg is hit by Yakov Trenin and loses puck.
10:35 of 2nd period - Snap shot by Erik Haula.
10:35 of 2nd period - Stopped by Jake Oettinger with a rebound.
10:47 of 2nd period - Patrice Bergeron is hit by Jack Hughes.
12:01 of 2nd period - Wrist shot by Yakov Trenin.
12:01 of 2nd period - Stopped by Igor Shesterkin with a rebound.
12:19 of 2nd period - Wrist shot by Erik Haula.
12:19 of 2nd period - Shot Hit the Post.
13:10 of 2nd period - Icing by Cole Caufield.
13:11 of 2nd period - Chris Tierney wins face-off versus Erik Haula in Kraken zone.
13:12 of 2nd period - Snap shot by Kirill Marchenko.
13:12 of 2nd period - Deflect By Chris Tierney.
13:12 of 2nd period - Stopped by Igor Shesterkin with a rebound.
13:48 of 2nd period - Snap shot by Brad Marchand.
13:48 of 2nd period - Stopped by Igor Shesterkin with a rebound.
13:50 of 2nd period - Snap shot by Devon Toews.
13:50 of 2nd period - Stopped by Igor Shesterkin with a rebound.
15:47 of 2nd period - Jordan Kyrou is hit by Devon Toews and loses puck.
16:14 of 2nd period - Minor Penalty to Tanner Pearson for Unsportsmanlike conduct.
16:15 of 2nd period - Patrice Bergeron wins face-off versus Erik Haula in Kraken zone.
16:56 of 2nd period - Marcus Pettersson is hit by Brad Marchand and loses puck.
17:25 of 2nd period - Jack Hughes is hit by Brad Marchand.
17:35 of 2nd period - Conor Sheary is hit by Elias Lindholm and loses puck.
18:14 of 2nd period - Penalty to Tanner Pearson is over, Tanner Pearson is back on ice.
18:26 of 2nd period - Tanner Pearson is hit by Adrian Kempe and loses puck.
19:05 of 2nd period - Slapshot by Kris Letang.
19:05 of 2nd period - Shot Misses the Net.
19:07 of 2nd period - Slapshot by Tanner Pearson.
19:07 of 2nd period - Shot Misses the Net.
19:09 of 2nd period - Snap shot by Jesperi Kotkaniemi.
19:09 of 2nd period - Shot Blocked by Ryan Nugent-Hopkins.
19:11 of 2nd period - Snap shot by Jesperi Kotkaniemi.
19:11 of 2nd period - Shot Misses the Net.
19:13 of 2nd period - Wrist shot by Tanner Pearson.
19:13 of 2nd period - Shot Misses the Net.
19:15 of 2nd period - Snap shot by Kris Letang.
19:15 of 2nd period - Deflect By Patrice Bergeron.
19:15 of 2nd period - Stopped by Jake Oettinger without a rebound.
19:16 of 2nd period - Elias Lindholm wins face-off versus Erik Haula in Wild zone.
19:35 of 2nd period - Mario Ferraro is hit by Nick Blankenburg and loses puck.
19:42 of 2nd period - Slapshot by Brandon Carlo.
19:42 of 2nd period - Stopped by Igor Shesterkin with a rebound.
19:44 of 2nd period - Slapshot by Brayden McNabb.
19:44 of 2nd period - Shot Blocked by Nick Blankenburg.
Goals for this period are 0 for Kraken vs 1 for Wild.
Shots for this period are 6 for Kraken vs 12 for Wild.

3rd period


0:01 of 3rd period - Patrice Bergeron wins face-off versus Erik Haula in neutral zone.
0:10 of 3rd period - Wrist shot by Brad Marchand.
0:10 of 3rd period - Shot Misses the Net.
0:27 of 3rd period - Off-side.
0:28 of 3rd period - Elias Lindholm wins face-off versus Jordan Kyrou in neutral zone.
0:33 of 3rd period - Jordan Kyrou is hit by Kevin Shattenkirk and loses puck.
1:09 of 3rd period - Jonathan Marchessault is hit by Adrian Kempe and loses puck.
1:33 of 3rd period - Minor Penalty to Jan Rutta for High sticking.
1:34 of 3rd period - Jack Eichel wins face-off versus Erik Haula in Kraken zone.
2:24 of 3rd period - Snap shot by Jesperi Kotkaniemi.
2:24 of 3rd period - Stopped by Jake Oettinger without a rebound.
2:25 of 3rd period - Ryan Nugent-Hopkins wins face-off versus Jesperi Kotkaniemi in Wild zone.
3:33 of 3rd period - Penalty to Jan Rutta is over, Jan Rutta is back on ice.
3:39 of 3rd period - Double Minor Penalty to Jordan Kyrou for Roughing.
3:40 of 3rd period - Erik Haula wins face-off versus Patrice Bergeron in Kraken zone.
4:10 of 3rd period - Snap shot by Jack Eichel.
4:10 of 3rd period - Stopped by Igor Shesterkin without a rebound.
4:11 of 3rd period - Jesperi Kotkaniemi wins face-off versus Jack Eichel in Kraken zone.
4:20 of 3rd period - Conor Sheary is hit by Brad Marchand and loses puck.
4:47 of 3rd period - Slapshot by Kris Letang.
4:47 of 3rd period - Shot Misses the Net.
6:06 of 3rd period - Marcus Pettersson is hit by Brayden McNabb and loses puck.
6:59 of 3rd period - Ryan Nugent-Hopkins is hit by Brandon Montour.
7:11 of 3rd period - Mario Ferraro is hit by Conor Sheary.
7:39 of 3rd period - Penalty to Jordan Kyrou is over, Jordan Kyrou is back on ice.
7:47 of 3rd period - Wrist shot by Jack Hughes.
7:47 of 3rd period - Stopped by Jake Oettinger without a rebound.
7:48 of 3rd period - Jordan Kyrou wins face-off versus Chris Tierney in Wild zone.
7:49 of 3rd period - Wrist shot by Matias Maccelli.
7:49 of 3rd period - Shot Misses the Net.
7:51 of 3rd period - Slapshot by Matias Maccelli.
7:51 of 3rd period - Stopped by Jake Oettinger without a rebound.
7:52 of 3rd period - Chris Tierney wins face-off versus Jordan Kyrou in Wild zone.
7:54 of 3rd period - Minor Penalty to Kevin Shattenkirk for Holding.
7:55 of 3rd period - Ryan Nugent-Hopkins wins face-off versus Jack Hughes in Wild zone.
9:54 of 3rd period - Penalty to Kevin Shattenkirk is over, Kevin Shattenkirk is back on ice.
10:20 of 3rd period - Erik Haula is hit by Alex DeBrincat and loses puck.
10:24 of 3rd period - Icing by Jan Rutta.
10:25 of 3rd period - Erik Haula wins face-off versus Jack Eichel in Kraken zone.
10:36 of 3rd period - Jan Rutta is hit by Devon Toews and loses puck.
10:47 of 3rd period - Kris Letang is hit by Ryan Nugent-Hopkins and loses puck.
10:56 of 3rd period - Slapshot by Kris Letang.
10:56 of 3rd period - Shot Misses the Net.
10:58 of 3rd period - Wrist shot by Jesperi Kotkaniemi.
10:58 of 3rd period - Stopped by Jake Oettinger without a rebound.
10:59 of 3rd period - Elias Lindholm wins face-off versus Jack Hughes in Wild zone.
11:26 of 3rd period - Marcus Pettersson is hit by Brad Marchand.
11:34 of 3rd period - Slapshot by Jordan Kyrou.
11:34 of 3rd period - Stopped by Jake Oettinger with a rebound.
11:36 of 3rd period - Slapshot by Marcus Pettersson.
11:36 of 3rd period - Shot Misses the Net.
11:54 of 3rd period - Snap shot by Alex DeBrincat.
11:54 of 3rd period - Stopped by Igor Shesterkin with a rebound.
12:16 of 3rd period - Wrist shot by Kirill Marchenko.
12:16 of 3rd period - Stopped by Igor Shesterkin with a rebound.
12:57 of 3rd period - Snap shot by Jesperi Kotkaniemi.
12:57 of 3rd period - Shot Blocked by William Nylander.
12:59 of 3rd period - Wrist shot by Tanner Pearson.
12:59 of 3rd period - Stopped by Jake Oettinger with a rebound.
13:07 of 3rd period - Snap shot by Tanner Pearson.
13:07 of 3rd period - Stopped by Jake Oettinger without a rebound.
13:08 of 3rd period - Jack Hughes wins face-off versus Patrice Bergeron in Wild zone.
13:19 of 3rd period - Snap shot by Patrice Bergeron.
13:19 of 3rd period - Stopped by Igor Shesterkin with a rebound.
13:21 of 3rd period - Slapshot by Patrice Bergeron.
13:21 of 3rd period - Shot Blocked by Kirill Kaprizov.
13:35 of 3rd period - Kevin Stenlund is hit by Brandon Montour and loses puck.
13:40 of 3rd period - Snap shot by Erik Haula.
13:40 of 3rd period - Stopped by Jake Oettinger without a rebound.
13:41 of 3rd period - Jack Eichel wins face-off versus Erik Haula in Wild zone.
13:52 of 3rd period - Wrist shot by Alex DeBrincat.
13:52 of 3rd period - Shot Misses the Net.
13:54 of 3rd period - Wrist shot by Alex DeBrincat.
13:54 of 3rd period - Deflect By Jack Eichel.
13:54 of 3rd period - Shot Blocked by Erik Haula.
13:54 of 3rd period - Puck is out of play.
13:55 of 3rd period - Patrice Bergeron wins face-off versus Jack Hughes in Kraken zone.
14:31 of 3rd period - Slapshot by Jack Hughes.
14:31 of 3rd period - Shot Misses the Net.
14:33 of 3rd period - Minor Penalty to Brad Marchand for Unsportsmanlike conduct.
14:34 of 3rd period - Ryan Nugent-Hopkins wins face-off versus Erik Haula in Wild zone.
14:59 of 3rd period - Backhand shot by Jack Hughes.
14:59 of 3rd period - Stopped by Jake Oettinger without a rebound.
15:00 of 3rd period - Ryan Nugent-Hopkins wins face-off versus Jack Hughes in Wild zone.
15:44 of 3rd period - Off-side.
15:45 of 3rd period - Chris Tierney wins face-off versus Jonathan Marchessault in neutral zone.
16:33 of 3rd period - Penalty to Brad Marchand is over, Brad Marchand is back on ice.
16:42 of 3rd period - Brandon Carlo is hit by Tanner Pearson and loses puck.
16:51 of 3rd period - Slapshot by Adrian Kempe.
16:51 of 3rd period - Shot Misses the Net.
17:37 of 3rd period - Devon Toews is hit by Cole Caufield and loses puck.
18:31 of 3rd period - Brad Marchand is hit by Luke Evangelista and loses puck.
19:53 of 3rd period - Nick Blankenburg is hit by Elias Lindholm and loses puck.
Goals for this period are 0 for Kraken vs 0 for Wild.
Shots for this period are 9 for Kraken vs 4 for Wild.

Overtime #1


0:01 of 1st overtime period - Jack Hughes wins face-off versus Patrice Bergeron in neutral zone.
0:26 of 1st overtime period - Jordan Kyrou is hit by Devon Toews and loses puck.
2:23 of 1st overtime period - Wrist shot by Jesperi Kotkaniemi.
2:23 of 1st overtime period - Stopped by Jake Oettinger with a rebound.
2:35 of 1st overtime period - Snap shot by Ryan Nugent-Hopkins.
2:35 of 1st overtime period - Stopped by Igor Shesterkin with a rebound.
2:49 of 1st overtime period - Wrist shot by Brad Marchand.
2:49 of 1st overtime period - Stopped by Igor Shesterkin with a rebound.
3:45 of 1st overtime period - Wrist shot by Elias Lindholm.
3:45 of 1st overtime period - Shot Misses the Net.
3:47 of 1st overtime period - Snap shot by Alex DeBrincat.
3:47 of 1st overtime period - Shot Misses the Net.
4:01 of 1st overtime period - Snap shot by Luke Evangelista.
4:01 of 1st overtime period - Goal by Luke Evangelista - Kraken : 2 - Wild : 1.
Goals for this period are 1 for Kraken vs 0 for Wild.
Shots for this period are 2 for Kraken vs 2 for Wild.




Output by the SimonT Hockey Simulator (STHS) for Eric Tremblay - Original Page W3C HTML5 Valid
Hockey Simulator - Hockey Simulation - Hockey Manager